cohdb
Replays
Latest Replays
All Replays
Popular Replays
Top Player Replays
Match Explorer
How It Works
Community
CoH3 Stats
Reddit
Sign in to upload your games and track your stats! →
Sign in with Steam
Match 37841848
Unlisted
Match 37841848
Overview
Messages
Build Orders
End
Construct Barracks
Engineer Squad
Riflemen Squad
Riflemen Squad
Riflemen Squad
Grenade Package
Air Support Center
Construct Weapon Support Center
Grasshopper Recon Run
Construct Medical Station
Bazooka Squad
Grasshopper Recon Run
Selects Advanced Infantry Battlegroup
Selects Convert to Ranger Squad
Selects Designate Assault Position
M1 Mortar Team
Convert to Ranger Squad
Grasshopper Recon Run
Construct Tank Depot
P-47 Strafing Run
P-47 Strafing Run
Selects Ranger Weapon Training
P-47 Dive Bomb
M4(105) Sherman Bulldozer
P-47 Strafing Run
Spaghetti
REGULATOR
0
0
Comments
sign in to comment!
No comments posted yet!